 Dungeon Crawl Stone Soup version 0.21-a0-352-g5b8f553 (webtiles) character file.

606 tof the Twirler (level 7, -2/54 HPs)
             Began as a Barachi Gladiator on Oct 11, 2017.
             Killed from afar by Ijyb (27 damage)
             ... with a wand of lightning (?/15)
             ... on level 4 of the Dungeon.
             The game lasted 00:14:18 (5806 turns).

tof the Twirler (Barachi Gladiator)                 Turns: 5806, Time: 00:14:19

Health: -2/54      AC:  6    Str: 15    XL:     7   Next: 42%
Magic:  7/7        EV: 13    Int: 14    God:
Gold:   12         SH:  0    Dex: 16    Spells: 6/6 levels left

rFire    . . .     SeeInvis .   a - +0 quarterstaff
rCold    + . .     Gourm    .   (shield currently unavailable)
rNeg     . . .     Faith    .   u - +0 ring mail
rPois    .         Spirit   .   (helmet restricted)
rElec    .         Reflect  .   (no cloak)
rCorr    .         Harm     .   (no gloves)
MR       .....                  (no boots)
Stlth    +.........             (no amulet)
HPRegen  0.18/turn              i - ring of protection from cold
MPRegen  0.10/turn              o - +4 ring of intelligence

@: slow
A: +LOS, swims, beak, clever 1, slowness 1, strong legs 1
a: Hop


You were on level 4 of the Dungeon.
You were not hungry.

You visited 1 branch of the dungeon, and saw 4 of its levels.

You collected 239 gold pieces.
You spent 227 gold pieces at shops.

Inventory:

Hand Weapons
 a - a +0 quarterstaff (weapon)
Armour
 u - a +0 ring mail (worn)
Jewellery
 i - a ring of protection from cold (left hand)
 o - a +4 ring of intelligence (right hand)
Scrolls
 c - a scroll of magic mapping
 g - a scroll of recharging
 h - 3 scrolls of remove curse
 k - 2 scrolls of blinking
 q - a scroll of fog
 s - a scroll of teleportation
 v - a scroll of fear
Potions
 e - a potion of brilliance
 l - 2 potions of invisibility
 n - a potion of ambrosia
 p - 2 potions of flight
 r - 2 potions of curing {unknown}
 t - a potion of degeneration {unknown}
Comestibles
 m - 6 meat rations


   Skills:
 + Level 4.1 Fighting
 * Level 5.6 Staves
 + Level 3.3 Throwing
 * Level 4.7 Armour
 + Level 4.6 Dodging


You had 6 spell levels left.
You didn't know any spells.

Dungeon Overview and Level Annotations

Branches:
Dungeon (4/15)
 Temple: D:4-7

Altars:
Ashenzari
Okawaru

Shops:
D:4 ?

Annotations:
D:4 Edmund, Ijyb


Innate Abilities, Weirdness & Mutations

Shadows flee at your approach. (+LOS)
You can swim through water.
You cover ground slowly.
You can hop short distances.
You have a beak for a mouth.
Your mind is acute. (Int +2)


Message History

There is a stone staircase leading down, spattered with blood here.
You climb downwards.
Level annotation: Edmund, Ijyb
There is a stone staircase leading up, spattered with blood here.
You see here a giant club.
Found a ring mail.
The ball python barely misses you. x2
Ijyb shouts!
You thump the ball python!
You kill the ball python!
You see here a ball python corpse.
Ijyb zaps a wand.
The bolt of lightning hits you!
Ouch! That really hurt!
It is a wand of lightning (?/15).
A frilled lizard comes into view.
The frilled lizard hisses angrily.
Ijyb completely misses you.
The frilled lizard moves out of view.
Ijyb zaps a wand.
The bolt of lightning hits you!
Ouch! That really hurt!
You die...

.#............#........#
###...#.....#...######.#
#...#(....#...# #.#
#####.....#...# #.#
#....###..# #.#
#....###.†# #.#
######.........# #.#
##.....########.## #.#
.+.....+........@# ..#
.#.....########.g###.###
./.............#[#...#
.#.........#.###..%..#
.#.....###.#.###.?...#
.#.....'.#.#.#<......#
.#.....#...@.@@#..>..#
##.....#.#.#.#.#.#...#
.###+#.#.#.#.#S#.......


You could see Ijyb.

Vanquished Creatures
  3 phantoms
  An ogre (D:4)
  A hound (D:4)
  A centaur skeleton (D:4)
  2 worker ants
  Robin (D:3)
  5 adders
  2 adder skeletons (D:4)
  2 worms
  A dart slug (D:3)
  A leopard gecko (D:1)
  9 orcs
  3 giant cockroaches
  12 goblins
  10 hobgoblins
  2 quokkas
  2 ball pythons (D:4)
  4 bats
  5 frilled lizards
  6 kobolds
  6 rats
  A fungus (D:1)
80 creatures vanquished.

Notes
Turn   | Place    | Note
-------+----------+-------------------------------------------
     0 | D:1      | tof the Barachi Gladiator began the quest for the Orb.
     0 | D:1      | Reached XP level 1. HP: 17/17 MP: 1/1
   292 | D:1      | Reached XP level 2. HP: 11/23 MP: 2/2
   525 | D:1      | Found a shattered altar of Ashenzari.
   584 | D:1      | You fall through a shaft!
   598 | D:2      | Reached skill level 1 in Armour
   735 | D:2      | Gained mutation: You have a beak for a mouth. [potion of mutation]
   735 | D:2      | Gained mutation: Your mind is acute. (Int +2) [potion of mutation]
   979 | D:2      | Reached XP level 3. HP: 28/28 MP: 3/3
  1605 | D:2      | Reached skill level 4 in Staves
  1608 | D:2      | HP: 1/28 [poisoned by an adder]
  1962 | D:3      | Reached XP level 4. HP: 8/35 MP: 4/4
  2597 | D:3      | Found a faded altar of an unknown god.
  2726 | D:3      | Noticed Robin
  2738 | D:3      | Killed Robin
  2750 | D:3      | Reached XP level 5. HP: 32/41 MP: 5/5
  2802 | D:3      | Noticed a phantom
  3019 | D:3      | Killed a phantom
  3427 | D:4      | Noticed a phantom
  3476 | D:4      | Reached XP level 6. HP: 7/47 MP: 6/6
  4061 | D:4      | Killed a phantom
  4061 | D:4      | Reached skill level 5 in Staves
  4325 | D:4      | Reached XP level 7. HP: 20/54 MP: 7/7
  4745 | D:4      | Found an iron altar of Okawaru.
  4819 | D:4      | Found Xod Valibrit's Magic Scroll Boutique.
  4910 | D:4      | Bought a scroll of identify for 26 gold pieces
  4910 | D:4      | Bought a scroll of identify for 26 gold pieces
  4910 | D:4      | Bought a scroll of blinking for 97 gold pieces
  4910 | D:4      | Bought 3 scrolls of identify for 78 gold pieces
  5196 | D:4      | Noticed Edmund
  5201 | D:4      | Noticed Ijyb
  5806 | D:4      | Killed from afar by Ijyb

Vault maps used:
D:1:      kilobyte_arrival_exit_the_forest, minmay_statues_item,
          grunt_decor_arrowhead, minmay_gold_behind_fungi, ashenzari_altar_1
D:2:      roderic_lattice_a, serial_park_tiny_pond, kennysheep_doodads,
          minmay_misc_feat_iff, kennysheep_generic_room_6
D:3:      chequers_ecumenical_altar_grove, minmay_cut_off, uniq_robin
D:4:      serial_shops, nicolae_shop_statue_plus, kennysheep_okawaru_gauntlet,
          uniq_ijyb, uniq_edmund

Skill      XL: |  1  2  3  4  5  6 |
---------------+-------------------+-----
Armour         | 1 2 3 4 |  4.7
Staves         | 4 5 |  5.6
Fighting       | 3 4 |  4.1
Dodging        | 4 |  4.6
Throwing       | 3 |  3.3

Action                   |  1- 3 |  4- 6 |  7- 9 || total
-------------------------+-------+-------+-------++-------
Melee: Quarterstaff      |   106 |   176 |    71 ||   353
       Peck              |     9 |    27 |    16 ||    52
Throw: Throwing net      |       |       |     3 ||     3
 Abil: Hop               |     7 |     1 |     2 ||    10
  Use: Potion            |     5 |       |       ||     5
       Scroll            |       |       |    10 ||    10
  Eat: Chunk             |     4 |     6 |     1 ||    11
       Bread ration      |       |     1 |     1 ||     2
Armor: Leather armour    |    26 |     9 |       ||    35
       Ring mail         |       |    54 |    15 ||    69
Dodge: Dodged            |    80 |   129 |    39 ||   248

Table legend:
 A = Spawn XP
 B = Non-spawn XP
 C = Spawn XP percentage of total XP
 D = Spawn monster count
 E = Non-spawn monster count
 F = Spawn count percentage of total count
 G = Total turns spent on level
                    A         B        C        D         E        F      G
               +---------+---------+-------+---------+---------+-------+---------
         Total |       0 |     867 |   0.0 |       0 |      79 |   0.0 |  5806
               +---------+---------+-------+---------+---------+-------+---------
           D:1 |       0 |      22 |   0.0 |       0 |      16 |   0.0 |  1029
           D:2 |       0 |      55 |   0.0 |       0 |       9 |   0.0 |  1270
           D:3 |       0 |     266 |   0.0 |       0 |      39 |   0.0 |  2201
           D:4 |       0 |     524 |   0.0 |       0 |      15 |   0.0 |  1306
               +---------+---------+-------+---------+---------+-------+---------
